 Dungeon Crawl Stone Soup version 0.31.0-11-ge490571c62 (webtiles) character file.

Game seed: 12270924535230974187

39 qw the Shooter (level 3, -1/18 HPs)
             Began as a Spriggan Hunter on Feb 4, 2024.
             Slain by a sky beast (6 damage)
             ... on level 3 of the Dungeon.
             The game lasted 00:00:04 (1193 turns).

qw the Shooter (Spriggan Hunter)                    Turns: 1193, Time: 00:00:05

Health: -1/18      AC:  3    Str: 11    XL:     3   Next: 26%
Magic:  4/4        EV: 24    Int: 10    God:
Gold:   141        SH:  0    Dex: 20    Spells: 2/2 levels left

rFire   . . .        a - +0 shortbow
rCold   . . .        (shield currently unavailable)
rNeg    . . .        k - +1 robe of the Narrow Albatross {Rampage Str+4 Archmagi}
rPois   .            (helmet restricted)
rElec   .            (no cloak)
rCorr   .            (gloves unavailable)
SInv    +            (boots unavailable)
Will    .....        (no amulet)
Stlth   ++           b - +5 ring of evasion
HPRegen 0.23/turn    (no ring)
MPRegen 0.09/turn

%: rampage, archmagi
@: very quick
A: very small, no large weapons, unfitting armour, see invisible, speed 3
a: no special abilities


You were on level 3 of the Dungeon.
You visited 1 branch of the dungeon, and saw 3 of its levels.

You collected 141 gold pieces.


Innate Abilities, Weirdness & Mutations

You are very small and have problems with some larger weapons.
You are too small for most types of armour.
You have supernaturally acute eyesight. (SInv)
You cover ground extremely quickly. (Speed+++)


   Skills:
 - Level 1.5 Fighting
 + Level 4.6 Ranged Weapons
 - Level 4.0 Dodging
 - Level 1.5 Stealth


You had 2 spell levels left.
You didn't know any spells.
Your spell library was empty.

Inventory:

Hand Weapons
 a - a +0 shortbow (weapon)
Armour
 k - the +1 robe of the Narrow Albatross (worn) {Rampage Str+4 Archmagi}
   (You found it on level 2 of the Dungeon)

   Str+4:     It affects your strength (+4).
   Rampage:   It bestows one free step when moving towards enemies.
   Archmagi:  It increases the power of your magical spells.
Jewellery
 b - a +5 ring of evasion (left hand)
Wands
 j - a wand of roots (11)
Potions
 e - a potion of resistance
 g - a potion of degeneration {unknown}
 h - a potion of magic {unknown}

Dungeon Overview and Level Annotations

Branches:
Dungeon (3/15)

Altars:
Qazlal

Shops:
D:2 =

Annotations:
D:3 3 runed translucent doors, qw's ghost, amateur DEHu


Message History

You shoot an arrow. The arrow hits the sky beast.
The sky beast is moderately wounded.
You shoot an arrow. The arrow barely misses the sky beast.
You shoot an arrow. The arrow hits the sky beast.
The sky beast is heavily wounded.
The sky beast flickers out of sight for a moment.
You shoot an arrow. The arrow misses the sky beast.
You shoot an arrow. The arrow barely misses the sky beast.
The sky beast completely misses you.
You shoot an arrow. The arrow hits the sky beast!
The sky beast is severely wounded.
The sky beast barely misses you.
You shoot an arrow.
The arrow hits the sky beast but does no damage.
The sky beast is severely wounded.
The sky beast misses you.
You shoot an arrow. The arrow hits the sky beast.
The sky beast is almost dead.
The sky beast barely misses you.
You shoot an arrow.
The arrow hits the sky beast but does no damage.
The sky beast is almost dead.
The sky beast hits you but does no damage.
The sky beast hits you. The sky beast shocks you.
You shoot an arrow. The arrow closely misses the sky beast.
The sky beast completely misses you.
You shoot an arrow.
The arrow hits the sky beast but does no damage.
The sky beast is almost dead.
The sky beast hits you. The sky beast shocks you.
You shoot an arrow. The arrow barely misses the sky beast.
The sky beast closely misses you.
You shoot an arrow. The arrow hits the sky beast.
The sky beast is almost dead.
The sky beast barely misses you.
You shoot an arrow. The arrow misses the sky beast.
The sky beast misses you. The sky beast completely misses you.
You shoot an arrow. The arrow barely misses the sky beast.
The sky beast hits you. The sky beast shocks you.
You die...

#..........# # ...#...
#.##############
_....#..................
...#...##.######..######
..#....##.# #....#
.#......#.######.7..####
.................77....#
......Y.#.######....##.#
#.#.@..####.#######.#
#.#.........# #.#
#.#..#.####.# #.#
#.#..#.# #.# #.#..#.#
#.# ##......# #.#
###...##### #.# #....##
#.# ##.##....... #.#


You could see a sky beast.

Vanquished Creatures
  2 ribbon worms (D:2)
  A ball python (D:1)
  6 endoplasms
  A giant cockroach (D:2)
  2 goblins (D:1)
  2 hobgoblins
  4 quokkas
  2 bats (D:1)
  2 frilled lizards
  4 kobolds
  5 rats
31 creatures vanquished.

Notes
Turn   | Place    | Note
-------+----------+-------------------------------------------
     0 | D:1      | qw the Spriggan Hunter began the quest for the Orb.
     0 | D:1      | Reached XP level 1. HP: 10/10 MP: 2/2
     0 | D:1      | 0 ||| qw: Version: 0.3-a-160-g6735b56
     0 | D:1      | 0 ||| qw: Game counter: 4962
     0 | D:1      | 0 ||| qw: Melee chars always use a shield: true
     0 | D:1      | 0 ||| qw: God list: Okawaru
     0 | D:1      | 0 ||| qw: Allow faded altars: false
     0 | D:1      | 0 ||| qw: Do Orc after clearing Dungeon:15 true
     0 | D:1      | 0 ||| qw: Do second Lair branch before Depths: true
     0 | D:1      | 0 ||| qw: Lair rune preference: random
     0 | D:1      | 0 ||| qw: Goals: Normal
     0 | D:1      | 0 ||| PLANNING D:1-11
    53 | D:1      | Reached skill level 3 in Dodging
   275 | D:1      | Reached XP level 2. HP: 14/14 MP: 3/3
   470 | D:1      | 470 ||| READING scroll labelled QELU IBOWERPH.
   470 | D:1      | 470 ||| IDENTIFYING scroll labelled JUUNWO YTOSUO
   471 | D:1      | 471 ||| READING scroll labelled VYLE MOECHYPPAHI.
   572 | D:1      | 572 ||| DROPPING scroll of butterflies.
   573 | D:1      | 573 ||| DROPPING scroll of noise.
   609 | D:2      | Found Waniun's Jewellery Shoppe.
   627 | D:2      | 627 ||| SHOPLISTING +4 ring of protection (468 gold, have
                  | 88).
   627 | D:2      | 627 ||| SHOPLISTING amulet of reflection (390 gold, have
                  | 88).
   627 | D:2      | 627 ||| SHOPLISTING amulet of the acrobat (390 gold, have
                  | 88).
   627 | D:2      | 627 ||| SHOPLISTING ring of ice (325 gold, have 88).
   627 | D:2      | 627 ||| SHOPLISTING ring of willpower (325 gold, have 88).
   695 | D:2      | Reached XP level 3. HP: 18/18 MP: 4/4
   807 | D:2      | Identified the +1 robe of the Narrow Albatross {Rampage
                  | Str+4 Archmagi}
   984 | D:2      | 984 ||| UPGRADING to +1 robe of the Narrow Albatross
                  | {Rampage Str+4 Archmagi}.
   994 | D:2      | 994 ||| DROPPING +0 robe.
   995 | D:2      | 995 ||| UPGRADING to +5 ring of evasion.
   996 | D:2      | 996 ||| READING scroll of identify.
   996 | D:2      | 996 ||| IDENTIFYING murky yellow potion
   997 | D:2      | 997 ||| READING scroll labelled IMUCEY QE UCAJ.
   998 | D:2      | 998 ||| READING scroll labelled TETUSA TATUP.
  1156 | D:3      | Found a runed translucent gate.
  1157 | D:3      | Found a runed translucent gate.
  1158 | D:3      | Found a runed translucent gate.
  1159 | D:3      | Noticed qw's ghost (amateur DEHu)
  1177 | D:3      | Found a stormy altar of Qazlal.
  1177 | D:3      | Noticed a sky beast
  1193 | D:3      | Slain by a sky beast

Levels and vault maps discovered:
D:1:      roadster_arrival_rocket_large, layout_rooms, minmay_misc_feat_chi,
          hangedman_decor_push, kennysheep_flooded_box, minmay_hexomino_r4
D:2:      layout_basic, serial_shops, shop_statue, minmay_misc_feat_room,
          nicolae_elevator_lobby_asterisk
D:3:      layout_basic, nicolae_qazlal_beasts_of_the_sky, serial_shops,
          nicolae_shop_industrial_runoff, shop, nicolae_shop_drivethru,
          nicolae_lakefront_shop, gammafunk_ghost_necromancy,
          chequers_mini_garden, grunt_decor_arrowhead

Skill      XL: |  1  2 |
---------------+-------+-----
Dodging        | 3 4 |  4.0
Fighting       | |  1.5
Ranged Weapons | |  4.6
Stealth        | |  1.5

Action                     || total
---------------------------++-------
   Fire: Shortbow          ||   110
    Use: Scroll            ||     5
 Armour: Robe              ||     9
  Dodge: Dodged            ||    41

Table legend:
 A = Non-vault XP
 B = Vault XP
 C = Vault XP percentage of total XP
 D = Non-vault monster count
 E = Vault monster count
 F = Vault count percentage of total count
                 A         B        C        D         E       F
            +---------+---------+-------+---------+---------+-------
      Total |      48 |       8 |  14.3 |      26 |       5 |  16.1
            +---------+---------+-------+---------+---------+-------
        D:1 |      24 |       8 |  25.0 |      14 |       5 |  26.3
        D:2 |      21 |       0 |   0.0 |      10 |       0 |   0.0
        D:3 |       3 |       0 |   0.0 |       2 |       0 |   0.0
            +---------+---------+-------+---------+---------+-------
